 Dungeon Crawl Stone Soup version 0.32-a0-818-gb728d0252e (webtiles) character file.

Game seed: 6741688911132997908

261 shadizar the Magician (level 6, -9/40 HPs)
             Began as a Djinni Conjurer on Mar 24, 2024.
             Killed by divine providence
             ... invoked by an orc priest
              (15 damage)
             ... on level 4 of the Dungeon.
             The game lasted 00:02:15 (2896 turns).

shadizar the Magician (Djinni Conjurer)             Turns: 2896, Time: 00:02:16

Health: -9/40      AC:  4    Str:  6    XL:     6   Next: 42%
Gold:   143        EV: 11    Int: 21    God:
                   SH:  0    Dex: 12

rFire   + + .        (no weapon)
rCold   x . .        (no shield)
rNeg    . . .        a - +0 robe
rPois   ∞            g - +1 hat
rElec   .            l - +0 cloak
rCorr   .            (no gloves)
SInv    .            (boots unavailable)
Will    .....        (no amulet)
Stlth   ++           (no ring)
HPRegen 0.26/turn    (no ring)
MPRegen 0.00/turn

%: infuse magic (-10 HP)
@: flying
A: sickness immunity, fire resistance 2, cold vulnerability 1, float, innate
caster, HP casting, extra vitality 1
a: Convert to Beogh


You were on level 4 of the Dungeon.
You visited 1 branch of the dungeon, and saw 4 of its levels.

You collected 143 gold pieces.

Inventory:

Armour
 a - a +0 robe (worn)
 g - a +1 hat (worn)
 l - a +0 cloak (worn)
Scrolls
 c - a scroll of revelation {unknown}
 e - 2 scrolls of fog {unknown}
 f - 2 scrolls of noise {unknown}
 k - 3 scrolls of identify {unknown}
 o - a scroll of teleportation {unknown}
Potions
 b - 3 potions of curing {unknown}
 d - a potion of degeneration {unknown}
 h - 3 potions of attraction {unknown}
 i - a potion of cancellation {unknown}
 j - a potion of magic {unknown}
 m - a potion of mutation {unknown}
 n - a potion of ambrosia {unknown}
 p - a potion of berserk rage {unknown}
 q - 2 potions of brilliance {unknown}
 r - a potion of heal wounds {unknown}


   Skills:
 - Level 2.1 Dodging
 - Level 1.5 Stealth
 + Level 5.9 Spellcasting
 + Level 5.9 Conjurations
 + Level 5.9 Hexes
 + Level 5.9 Summonings
 + Level 5.9 Necromancy
 + Level 5.9 Translocations
 + Level 5.9 Fire Magic
 + Level 5.9 Ice Magic
 + Level 5.9 Air Magic
 + Level 5.9 Earth Magic
 + Level 5.9 Alchemy


You knew the following spells:

 Your Spells              Type           Power      Damage    Failure   Level
a - Magic Dart            Conj           100%       1d8       1%          1
b - Searing Ray           Conj           62%        2d6       1%          2
c - Fulminant Prism       Conj/Alch      15%        3d10      9%          4
d - Iskenderun's Mystic   Conj/Tloc      31%        2d8       9%          4
e - Slow                  Hex            100%       N/A       1%          1
f - Ensorcelled Hibernat  Hex/Ice        62%        N/A       1%          2
Your spell library was empty.

Dungeon Overview and Level Annotations

Branches:
Dungeon (4/15)
 Temple: D:4-7

Altars:
Gozag

Annotations:
D:3 2 transporters, Konar's ghost, amateur AtFi


Innate Abilities, Weirdness & Mutations

You are immune to sickness and miasma.
You are immune to poison.
Your flesh is very heat resistant. (rF++)
You are vulnerable to cold. (rC-)
You float through the air rather than walking.
You learn spells naturally, not from books.
Your magical power is your life essence.
You have superior vitality. (+4 MHP)


Message History

You kill the orc!
The orc priest barely misses you.
Unknown command.
Unknown command.
The magic dart hits the orc priest but does no damage.
The orc priest hits you with a +0 whip.
The orc priest shouts, "Surrender to Beogh and we'll let you live!" (press Y on the ability menu to convert to Beogh) Unknown command.
Unknown command.
Unknown command.
Unknown command.
Casting: Magic Dart (safe; 1% risk of failure)
Confirm with . or Enter, or press ? or * to list all spells.
Aiming: Searing Ray (safe; 1% risk of failure)
Press: ? - help, Shift-Dir - straight line, f/p - orc priest
Aim: an orc priest, wielding a +0 whip and wearing a +3 chain mail (85% to hit)
The searing ray hits the orc priest but does no damage. (Press . to maintain the ray.)
The orc priest shouts, "Surrender to Beogh and we'll let you live!"
The orc priest hits you with a +0 whip.
Unknown command.
Unknown command.
Unknown command.
Unknown command.
The searing ray misses the orc priest.
The orc priest shouts, "The Pantheon deserves no one's loyalty.
Let us show you the true path!" The orc priest hits you with a +0 whip.
The searing ray misses the orc priest.
The orc priest mumbles some strange prayers to Beogh against you.
Pain shoots through your body!
* * * LOW HITPOINT WARNING * * *
Unknown command.
The searing ray misses the orc priest.
* * * LOW HITPOINT WARNING * * *
You finish channelling your searing ray.
The orc priest shouts, "The Pantheon deserves no one's loyalty.
Let us show you the true path!"
The orc priest calls down the wrath of Beogh upon you.
Beogh smites you!
You die...

## ##.# # ##...## #.
+.....' #.# #+#
###...#' #..# ##[##
##.##.##.
#...###...###...###..
+..).#.....#.....#...
#.)o@'..♣..'..<..'..♣
##.).#.....#.....#...
##..##...###...###..
##..##.## ##.## ##.
##+ ### ### #


You could see an orc priest.

Vanquished Creatures
  An ogre (D:4)
  A scorpion (D:4)
  3 gnolls (D:2)
  3 adders (D:2)
  2 dart slugs (D:2)
  A ribbon worm (D:2)
  4 orcs (D:4)
  9 ball pythons
  5 bats
  5 endoplasms
  A giant cockroach (D:2)
  4 goblins (D:2)
  A hobgoblin (D:3)
  A quokka (D:2)
  A frilled lizard (D:2)
  6 kobolds
  6 rats
54 creatures vanquished.

Notes
Turn   | Place    | Note
-------+----------+-------------------------------------------
     0 | D:1      | shadizar the Djinni Conjurer began the quest for the Orb.
     0 | D:1      | shadizar set off with the following spells memorised: Magic
                  | Dart, Searing Ray, Fulminant Prism, Iskenderun's Mystic
                  | Blast.
     0 | D:1      | Reached XP level 1. HP: 15/15 MP: 0/0
   331 | D:1      | Reached XP level 2. HP: 19/21 MP: 0/0
   388 | D:1      | You are sucked into a shaft and drop 1 floor!
   537 | D:2      | Reached XP level 3. HP: 21/25 MP: 0/0
   537 | D:2      | Learned a level 1 spell: Slow
   546 | D:2      | Reached XP level 4. HP: 3/31 MP: 0/0
  1540 | D:1      | Reached XP level 5. HP: 31/35 MP: 0/0
  1540 | D:1      | Learned a level 2 spell: Ensorcelled Hibernation
  1765 | D:3      | Found a transporter.
  1766 | D:3      | Noticed Konar's ghost (amateur AtFi)
  1784 | D:3      | Found a transporter.
  1867 | D:3      | Reached skill level 5 in Spellcasting
  1867 | D:3      | Reached skill level 5 in Conjurations
  1867 | D:3      | Reached skill level 5 in Hexes
  1867 | D:3      | Reached skill level 5 in Summonings
  1867 | D:3      | Reached skill level 5 in Necromancy
  1867 | D:3      | Reached skill level 5 in Translocations
  1867 | D:3      | Reached skill level 5 in Fire Magic
  1867 | D:3      | Reached skill level 5 in Ice Magic
  1867 | D:3      | Reached skill level 5 in Air Magic
  1867 | D:3      | Reached skill level 5 in Earth Magic
  1867 | D:3      | Reached skill level 5 in Alchemy
  2608 | D:4      | Found an opulent altar of Gozag.
  2689 | D:4      | Noticed an ogre
  2708 | D:4      | Killed an ogre
  2709 | D:4      | Reached XP level 6. HP: 2/40 MP: 0/0
  2896 | D:4      | Killed from afar by an orc priest

Illustrated notes

Levels and vault maps discovered:
D:1:      psy_arrival_whirlpool, layout_loops_ring
D:2:      minmay_door_path, layout_basic
D:3:      layout_loops_cross, gammafunk_ghost_arena,
          chequers_serial_rivers_micro_e
D:4:      layout_loops_corners, mainiacjoe_overflow_tiny_flanked,
          nicolae_hexahallways

Skill      XL: |  1  2  3  4  5 |
---------------+----------------+-----
Spellcasting   | 4 5 |  5.9
Conjurations   | 4 5 |  5.9
Hexes          | 4 5 |  5.9
Summonings     | 4 5 |  5.9
Necromancy     | 4 5 |  5.9
Translocations | 4 5 |  5.9
Fire Magic     | 4 5 |  5.9
Ice Magic      | 4 5 |  5.9
Air Magic      | 4 5 |  5.9
Earth Magic    | 4 5 |  5.9
Alchemy        | 4 5 |  5.9
Dodging        | |  2.1
Stealth        | |  1.5

Action                     |  1- 3 |  4- 6 || total
---------------------------+-------+-------++-------
   Cast: Magic Dart        |    39 |    74 ||   113
         Searing Ray       |       |     4 ||     4
         Iskenderun's Myst |       |     3 ||     3
 Armour: Robe              |     3 |    19 ||    22
  Dodge: Dodged            |     2 |    13 ||    15

Table legend: (Time is in decaauts)
 A = Elapsed time spent in this place.
 B = Non-inter-level travel time spent in this place.
 C = Inter-level travel time spent in this place.
 D = Time resting spent in this place.
 E = Time spent auto-exploring this place.
 F = Levels seen in this place.
 G = Mean time per level.
                   A        B        C        D        E       F      G
               +--------+--------+--------+--------+--------+-----+--------+
         Total |   2896 |   2777 |    119 |      0 |   2512 |   4 |  724.0 |
       Dungeon |   2896 |   2777 |    119 |      0 |   2512 |   4 |  724.0 |
               +--------+--------+--------+--------+--------+-----+--------+

Top non-repeatable levels by time:
     D:2: 1105 daAuts
     D:4: 698 daAuts
     D:1: 566 daAuts
     D:3: 525 daAuts
